AoeStats
← [ KOF ] M. Kowalski

Arena

504743335Analyzed
1v1 RM · 25d ago on Sep 6, 2026· 28m 30s· 2 players
Game mode
Random Map
Map size
Tiny (2 player)
Population
200
Speed
Normal
Resources
Standard
Victory
Conquest
Starting age
Dark Age
Ending age
Imperial Age
RankedLock teamsTeams togetherTeam positionsShared explorationLock speedFull tech treeHidden civsTurbo modeCheats
Victory
Defeat
🇨🇳 Mapuche · China
1214
+16
🇦🇷 Bohemians · Argentina
1206
-16
[ KOF ] M. Kowalski
10:51 Feudal Age
12:10 Loom
14:56 Castle Age
13:15 Double-Bit Axe
SJSJ
10:52 Feudal Age
9:23 Loom
14:45 Castle Age
14:10 Double-Bit Axe
14:39 Horse Collar
17:44 Bow Saw
26:09 Forging
Connection lost

Rejoining the realm…

Still unreachable

The connection could not be restored.

Session expired

The server has moved on; the page needs a fresh start.